[Event "42nd Olympiad Baku 2016 Women"]
[Site "Baku"]
[Date "2016.09.08"]
[Round "6.26"]
[White "Petrenko, Svetlana"]
[Black "Daulyte, Deimante"]
[Result "0-1"]
[ECO "E62"]
[WhiteElo "2176"]
[BlackElo "2421"]
[Annotator ""]
[PlyCount "80"]
[EventDate "2016.??.??"]
[EventType "team-tourn"]
[EventCountry "AZE"]
[SourceTitle "playchess.com"]
[Source "ChessBase"]
[WhiteTeam "Moldova"]
[BlackTeam "Lithuania"]
[WhiteTeamCountry "MDA"]
[BlackTeamCountry "LTU"]
[TimeControl "40/5400+30:1800+30"]

1. d4 {(00:00} Nf6 {(00:00} 2. Nf3 {(00:00} g6 {
(00:00} 3. g3 {(00:55} Bg7 {(00:02} 4. Bg2 {(00:
05} O-O {(00:13} 5. O-O {(00:13} d6 {(00:13} 6. c4 {
(04:27} Nc6 {(00:19} 7. Nc3 {(01:10} e5 {(00:46]
} 8. d5 {(05:41} Nb8 {(00:15} 9. e4 {(00:48} a5 {
(00:23} 10. h3 {(02:33} Na6 {(04:11} 11. Be3 {(
01:25} Nd7 {(09:33} 12. g4 {(02:40} f5 {(06:31} 13.
Ng5 {(07:11} Ndc5 {(04:00} 14. gxf5 {(12:22} gxf5 {
(00:15} 15. exf5 {(00:12} Bxf5 {(00:49} 16. Qh5 {
(02:56} Qe8 {(08:47} 17. Qxe8 {(00:56} Raxe8 {(
00:08} 18. Nge4 {(01:31} Nd3 {(01:28} 19. b3 {(21:06}
Nf4 {(01:03} 20. Kh2 {(00:41} Nb4 {(03:16} 21. Bd2 {
(08:15} Nc2 {(08:17} 22. Rad1 {(04:58} b6 {(04:
13} 23. f3 {(04:14} Nd4 {(07:10} 24. Be3 {(01:27} Bd7
{(06:10} 25. Ng3 {(08:09} Re7 {(03:31} 26. Nce4 {
(01:29} h6 {(06:25} 27. Bxf4 {(05:41} exf4 {(00:
53} 28. Nh1 {(00:02} a4 {(16:51} 29. b4 {(02:15} Rxe4
{(04:46} 30. fxe4 {(00:08} f3 {(00:04} 31. Rxd4 {
(01:08} fxg2 {(00:16} 32. Rxf8+ {(00:23} Kxf8 {(
00:05} 33. Rd3 {(00:43} gxh1=Q+ {(00:13} 34. Kxh1 {(00:
02} Bb2 {(00:50} 35. Rf3+ {(01:00} Ke7 {(00:24} 36.
Kg2 {(00:23} Be8 {(01:16} 37. Rf2 {(00:48} a3 {(
00:47} 38. b5 {(00:12} Bh5 {(00:29} 39. Kf1 {(00:39}
Bd1 {(00:55} 40. Ke1 {(00:00} Bb3 {(00:00} 0-1

[Event "42nd Olympiad Baku 2016 Women"]
[Site "Baku"]
[Date "2016.09.08"]
[Round "6.18"]
[White "Pourkashiyan, Atousa"]
[Black "Tsiganova, Monika"]
[Result "1/2-1/2"]
[ECO "B17"]
[WhiteElo "2335"]
[BlackElo "2095"]
[Annotator ""]
[PlyCount "73"]
[EventDate "2016.??.??"]
[EventType "team-tourn"]
[EventCountry "AZE"]
[SourceTitle "playchess.com"]
[Source "ChessBase"]
[WhiteTeam "Iran"]
[BlackTeam "Estonia"]
[WhiteTeamCountry "IRI"]
[BlackTeamCountry "EST"]
[TimeControl "40/5400+30:1800+30"]

1. e4 {(00:00} c6 {(00:00} 2. d4 {(00:00} d5 {(
00:00} 3. Nd2 {(00:00} dxe4 {(00:06} 4. Nxe4 {(00:01}
Nd7 {(00:14} 5. Ng5 {(00:16} Ngf6 {(00:23} 6. Bd3 {
(00:31} e6 {(00:30} 7. Qe2 {(00:34} Bd6 {(00:56]
} 8. N1f3 {(00:11} h6 {(00:45} 9. Ne4 {(00:10} Nxe4 {
(00:24} 10. Qxe4 {(00:08} Qc7 {(00:31} 11. O-O {
(01:51} c5 {(05:34} 12. Qg4 {(07:08} Kf8 {(01:
35} 13. dxc5 {(00:46} Nxc5 {(04:40} 14. Rd1 {(00:32}
b6 {(11:24} 15. Be3 {(04:57} Bb7 {(09:56} 16. Bd4 {
(10:03} f5 {(13:29} 17. Qh3 {(06:59} Nxd3 {(14:
28} 18. Rxd3 {(03:08} Bxf3 {(00:42} 19. Qxf3 {(02:24}
Re8 {(00:48} 20. Rad1 {(14:35} Bxh2+ {(06:49} 21. Kh1 {
(00:29} Be5 {(00:59} 22. Bxe5 {(10:24} Qxe5 {(
00:07} 23. Rd8 {(02:27} Ke7 {(07:46} 24. R8d7+ {(10:43]
} Kf6 {(01:02} 25. Qh5 {(09:28} Re7 {(02:54} 26. Qh4+ {
(08:29} g5 {(00:16} 27. Qh5 {(00:15} Rxd7 {(03:
52} 28. Rxd7 {(00:04} Qe1+ {(01:34} 29. Kh2 {(00:02}
Qxf2 {(02:13} 30. Qf7+ {(00:11} Ke5 {(00:05} 31. Qg7+ {
(00:51} Ke4 {(00:11} 32. Rd1 {(01:59} Rd8 {(06:
37} 33. Rxd8 {(06:04} Qh4+ {(00:14} 34. Kg1 {(00:02}
Qe1+ {(00:05} 35. Kh2 {(00:03} Qh4+ {(00:13} 36. Kg1 {
(00:02} Qe1+ {(00:09} 37. Kh2 {(00:02} 1/2-1/2

[Event "42nd Olympiad Baku 2016 Women"]
[Site "Baku"]
[Date "2016.09.08"]
[Round "6.16"]
[White "Prasad, Tanvi"]
[Black "Fernandez Alacha, Mirna Graciela"]
[Result "0-1"]
[ECO "C44"]
[WhiteElo "1339"]
[BlackElo "1528"]
[Annotator ""]
[PlyCount "56"]
[EventDate "2016.??.??"]
[EventType "team-tourn"]
[EventCountry "AZE"]
[SourceTitle "playchess.com"]
[Source "ChessBase"]
[WhiteTeam "Fiji"]
[BlackTeam "Honduras"]
[WhiteTeamCountry "FIJ"]
[BlackTeamCountry "HON"]
[TimeControl "40/5400+30:1800+30"]

1. e4 {(00:00} e5 {(00:00} 2. Nf3 {(00:33} Nc6 {
(00:01} 3. g3 {(01:05} Nf6 {(01:48} 4. Nc3 {(00:
28} d6 {(00:30} 5. Bg2 {(00:08} Bg4 {(00:35} 6. O-O {
(01:21} Be7 {(00:16} 7. d3 {(00:39} O-O {(00:16]
} 8. Be3 {(01:39} h6 {(00:58} 9. Qd2 {(00:46} Qd7 {
(01:12} 10. Rfe1 {(01:33} Bh3 {(04:04} 11. d4 {(
01:14} exd4 {(02:14} 12. Nxd4 {(00:43} Nxd4 {(00:35}
13. Bxd4 {(01:36} Bxg2 {(00:19} 14. Kxg2 {(00:16} Rad8
{(04:11} 15. Qe3 {(04:32} c5 {(03:28} 16. Bxf6 {
(00:19} Bxf6 {(00:23} 17. Rab1 {(02:30} Rfe8 {(
00:50} 18. Red1 {(04:53} Re5 {(06:14} 19. h3 {(03:05}
Rde8 {(10:48} 20. f4 {(00:50} R5e6 {(01:27} 21. Qxc5 {
(05:45} b6 {(16:00} 22. Qf2 {(01:21} Bxc3 {(00:
23} 23. bxc3 {(00:11} Rxe4 {(00:15} 24. Re1 {(02:30}
Qc6 {(02:36} 25. Qf3 {(01:50} Re2+ {(01:15} 26. Rxe2 {
(00:17} Rxe2+ {(00:12} 27. Kf1 {(00:23} Qxf3+ {(
00:21} 28. Kg1 {(00:21} Qg2# {(00:13} 0-1

[Event "42nd Olympiad Baku 2016 Women"]
[Site "Baku"]
[Date "2016.09.08"]
[Round "6.1"]
[White "Ptacnikova, Lenka"]
[Black "Cori T, Deysi"]
[Result "0-1"]
[ECO "E91"]
[WhiteElo "2159"]
[BlackElo "2402"]
[Annotator ""]
[PlyCount "138"]
[EventDate "2016.??.??"]
[EventType "team-tourn"]
[EventCountry "AZE"]
[SourceTitle "playchess.com"]
[Source "ChessBase"]
[WhiteTeam "Iceland"]
[BlackTeam "Peru"]
[WhiteTeamCountry "ISL"]
[BlackTeamCountry "PER"]
[TimeControl "40/5400+30:1800+30"]

1. Nf3 {(00:00} Nf6 {(00:24} 2. c4 {(00:00} g6 {
(00:21} 3. Nc3 {(00:35} Bg7 {(00:07} 4. e4 {(00:
56} d6 {(00:10} 5. d4 {(00:27} O-O {(00:13} 6. Be2 {
(00:17} Bg4 {(05:57} 7. Ng1 {(08:34} Bxe2 {(00:
26} 8. Ngxe2 {(00:13} Nfd7 {(00:50} 9. O-O {(09:47} e5
{(00:30} 10. d5 {(00:51} a5 {(00:12} 11. Rb1 {(
04:05} f5 {(00:26} 12. exf5 {(00:16} gxf5 {(00:05} 13.
a3 {(03:57} Nb6 {(09:38} 14. b3 {(14:01} N8d7 {(
00:49} 15. a4 {(01:24} Nc5 {(01:22} 16. Be3 {(01:25}
Nbd7 {(01:08} 17. f3 {(00:51} Rf7 {(06:21} 18. Qd2 {
(01:25} b6 {(02:01} 19. Nb5 {(01:26} Nf8 {(01:
46} 20. Bxc5 {(05:48} bxc5 {(04:05} 21. Kh1 {(05:13}
Ng6 {(03:48} 22. g3 {(00:44} h5 {(03:44} 23. f4 {
(09:13} Bh6 {(14:45} 24. Qd3 {(03:03} e4 {(06:
22} 25. Qc2 {(06:17} Qe7 {(09:00} 26. Rf2 {(01:26} Bg7
{(10:11} 27. Rg1 {(04:08} Nf8 {(01:26} 28. Rfg2 {
(02:06} Nh7 {(00:57} 29. h3 {(00:58} Kf8 {(06:
30} 30. Qd1 {(01:01} Qf6 {(01:14} 31. Nec3 {(06:37}
Qh6 {(01:13} 32. Ne2 {(00:42} Ke8 {(02:54} 33. Rh2 {
(00:12} Qg6 {(00:14} 34. Qc2 {(02:31} Kd7 {(01:
13} 35. Rhg2 {(02:37} Nf6 {(02:46} 36. Qd2 {(01:14}
Bh6 {(01:17} 37. Qc3 {(01:35} Qh7 {(01:59} 38. Qe3 {
(01:01} Kc8 {(00:33} 39. Qc3 {(00:51} Kb7 {(00:
32} 40. Qe3 {(00:00} Bg7 {(00:00} 41. Rf1 {(04:05} Nd7
{(09:17} 42. Kg1 {(03:19} Qh6 {(01:06} 43. Kf2 {
(11:11} h4 {(02:12} 44. Rfg1 {(03:12} Bf6 {(01:
35} 45. g4 {(04:16} fxg4 {(00:06} 46. Rxg4 {(00:37}
Ne5 {(00:31} 47. Qxe4 {(01:04} Nxg4+ {(00:10} 48. Rxg4
{(00:33} Re7 {(02:22} 49. Qd3 {(00:44} Rae8 {(
00:40} 50. Ng1 {(00:25} Kb6 {(11:54} 51. Nf3 {(00:46}
Re2+ {(00:40} 52. Qxe2 {(01:08} Rxe2+ {(00:05} 53. Kxe2
{(00:04} Qh7 {(00:12} 54. Nd2 {(01:17} Bd4 {(02:
10} 55. Nxd4 {(02:46} cxd4 {(00:02} 56. f5 {(01:41}
Qe7+ {(01:24} 57. Re4 {(02:04} Qg5 {(00:10} 58. Rxd4 {
(00:49} Qg2+ {(01:00} 59. Ke3 {(00:32} Qg1+ {(
01:06} 60. Kd3 {(00:45} Qg3+ {(00:14} 61. Kc2 {(00:27}
Qxh3 {(00:07} 62. Rf4 {(00:16} Qg3 {(04:28} 63. Rf3 {
(00:10} Qg2 {(01:07} 64. f6 {(00:36} Qg6+ {(00:
08} 65. Kc1 {(01:10} h3 {(00:45} 66. Rxh3 {(00:33}
Qxf6 {(00:04} 67. Rf3 {(00:32} Qg6 {(00:25} 68. Kb2 {
(00:28} Kc5 {(00:13} 69. Nb1 {(00:40} Qg2+ {(00:
07} 0-1

[Event "42nd Olympiad Baku 2016 Women"]
[Site "Baku"]
[Date "2016.09.08"]
[Round "6.11"]
[White "Putri, Regita Desyari"]
[Black "Georgescu, Lena"]
[Result "1/2-1/2"]
[ECO "B40"]
[WhiteElo "1623"]
[BlackElo "2164"]
[Annotator ""]
[PlyCount "88"]
[EventDate "2016.??.??"]
[EventType "team-tourn"]
[EventCountry "AZE"]
[SourceTitle "playchess.com"]
[Source "ChessBase"]
[WhiteTeam "Indonesia"]
[BlackTeam "Switzerland"]
[WhiteTeamCountry "INA"]
[BlackTeamCountry "SUI"]
[TimeControl "40/5400+30:1800+30"]

1. e4 {(00:00} c5 {(00:00} 2. Nf3 {(00:17} e6 {(
00:00} 3. d4 {(00:13} cxd4 {(00:00} 4. Nxd4 {(00:10}
Nf6 {(00:00} 5. Nc3 {(00:53} Nc6 {(00:00} 6. Nxc6 {
(04:48} bxc6 {(00:04} 7. Bd3 {(00:06} e5 {(02:
15} 8. O-O {(02:29} Bc5 {(03:50} 9. Bg5 {(02:59} O-O {
(03:21} 10. Qf3 {(03:42} h6 {(08:24} 11. Be3 {(
12:35} Bxe3 {(03:15} 12. Qxe3 {(00:15} Re8 {(10:55}
13. Rad1 {(03:11} d5 {(34:23} 14. Qc5 {(12:15} d4 {
(02:25} 15. Ne2 {(00:31} Qb6 {(02:45} 16. Qa3 {(
11:58} c5 {(01:20} 17. b3 {(00:55} a5 {(02:14} 18. Ng3
{(01:09} Bg4 {(01:02} 19. Rde1 {(01:46} Bd7 {(
01:08} 20. Qc1 {(04:01} a4 {(00:20} 21. h3 {(00:25}
axb3 {(02:06} 22. axb3 {(00:06} Qc7 {(00:38} 23. Bc4 {
(12:03} Be6 {(01:01} 24. Bxe6 {(08:49} fxe6 {(
00:01} 25. f4 {(01:25} exf4 {(00:45} 26. Qxf4 {(00:16}
Qxf4 {(00:41} 27. Rxf4 {(00:05} Ra2 {(03:37} 28. Rf2 {
(00:20} Rc8 {(02:56} 29. Rd1 {(01:00} Rca8 {(01:
29} 30. Re1 {(02:38} Rd8 {(00:25} 31. Rd1 {(00:33}
Rda8 {(00:03} 32. Re1 {(00:16} Rb2 {(00:24} 33. e5 {
(03:47} Nd5 {(01:01} 34. Ne4 {(00:30} Rc8 {(05:
05} 35. Nd6 {(00:52} Ra8 {(00:16} 36. Ne4 {(01:45} Rc8
{(00:04} 37. Nd6 {(00:04} Rf8 {(04:20} 38. Ref1 {
(01:18} Rxf2 {(00:15} 39. Rxf2 {(00:05} Ne3 {(
00:26} 40. Rd2 {(00:00} Rb1+ {(00:00} 41. Kf2 {(06:51}
Rf1+ {(10:13} 42. Ke2 {(02:57} Rg1 {(03:35} 43. Ne4 {
(07:26} Rxg2+ {(07:06} 44. Kd3 {(00:18} Rxd2+ {(
05:06} 1/2-1/2

[Event "42nd Olympiad Baku 2016 Women"]
[Site "Baku"]
[Date "2016.09.08"]
[Round "6.9"]
[White "Ramirez, Maria Eugenia"]
[Black "Pavlidou, Ekaterini"]
[Result "0-1"]
[ECO "B22"]
[WhiteElo "2104"]
[BlackElo "2140"]
[Annotator ""]
[PlyCount "56"]
[EventDate "2016.??.??"]
[EventType "team-tourn"]
[EventCountry "AZE"]
[SourceTitle "playchess.com"]
[Source "ChessBase"]
[WhiteTeam "Bolivia"]
[BlackTeam "Greece"]
[WhiteTeamCountry "BOL"]
[BlackTeamCountry "GRE"]
[TimeControl "40/5400+30:1800+30"]

1. e4 {(00:00} c5 {(00:00} 2. c3 {(00:00} d5 {(
00:10} 3. exd5 {(00:00} Qxd5 {(00:13} 4. d4 {(00:00}
Nc6 {(00:57} 5. Nf3 {(00:16} Bf5 {(00:25} 6. Na3 {
(02:43} e6 {(03:58} 7. Be3 {(02:08} cxd4 {(02:
59} 8. Nb5 {(02:13} O-O-O {(14:07} 9. Nfxd4 {(04:34}
Nxd4 {(06:25} 10. Nxa7+ {(04:59} Kb8 {(00:09} 11. Qxd4
{(01:12} Qxd4 {(00:23} 12. Bxd4 {(00:05} Rxd4 {(
00:21} 13. Nc6+ {(01:13} bxc6 {(00:08} 14. cxd4 {(00:
03} Bb4+ {(00:10} 15. Ke2 {(01:54} Nf6 {(00:13} 16.
Rc1 {(01:52} Rd8 {(05:59} 17. Rc4 {(12:19} Ba5 {
(01:04} 18. f3 {(03:40} Bb6 {(00:55} 19. g4 {(
00:34} Bg6 {(03:04} 20. h4 {(16:08} h5 {(00:44} 21. g5
{(06:37} Nd5 {(00:12} 22. Kd2 {(01:09} e5 {(04:
12} 23. a3 {(08:09} Bxd4 {(04:56} 24. b4 {(06:55} Bb2
{(03:59} 25. Ke1 {(01:16} Ne3 {(05:05} 26. Rxc6 {
(01:08} Rd1+ {(00:23} 27. Ke2 {(04:56} Bd3+ {(
03:12} 28. Kxe3 {(01:36} Bd4# {(00:18] Kxd4} 0-1

[Event "42nd Olympiad Baku 2016 Women"]
[Site "Baku"]
[Date "2016.09.08"]
[Round "6.5"]
[White "Rania, Sbai"]
[Black "Shamima, Akter Liza"]
[Result "0-1"]
[ECO "D45"]
[WhiteElo "1907"]
[BlackElo "2129"]
[Annotator ""]
[PlyCount "66"]
[EventDate "2016.??.??"]
[EventType "team-tourn"]
[EventCountry "AZE"]
[SourceTitle "playchess.com"]
[Source "ChessBase"]
[WhiteTeam "Morocco"]
[BlackTeam "Bangladesh"]
[WhiteTeamCountry "MAR"]
[BlackTeamCountry "BAN"]
[TimeControl "40/5400+30:1800+30"]

1. d4 {(00:00} d5 {(00:00} 2. c4 {(00:00} c6 {(
00:00} 3. Nc3 {(00:00} Nf6 {(00:00} 4. Nf3 {(00:05} e6
{(00:51} 5. e3 {(00:41} Nbd7 {(01:00} 6. Qc2 {(
00:22} Bd6 {(00:50} 7. a3 {(00:51} O-O {(01:52} 8. Bd3
{(00:14} dxc4 {(00:57} 9. Bxc4 {(00:09} e5 {(03:
04} 10. O-O {(11:11} Qe7 {(08:02} 11. e4 {(12:26} exd4
{(05:37} 12. Nxd4 {(03:53} Bxh2+ {(03:34} 13. Kxh2 {
(06:22} Qe5+ {(01:26} 14. g3 {(02:51} Qxd4 {(01:
11} 15. Be2 {(02:41} Ne5 {(04:21} 16. Kg2 {(05:06}
Nfg4 {(07:01} 17. Bf4 {(04:29} Ng6 {(10:18} 18. Bd2 {
(05:47} f5 {(15:49} 19. Bxg4 {(13:34} fxg4 {(00:
35} 20. Ne2 {(00:26} Qf6 {(05:19} 21. Bc3 {(01:53} Qf7
{(02:29} 22. Ng1 {(09:56} Be6 {(03:35} 23. Rad1 {
(05:21} Bb3 {(01:49} 24. Qe2 {(00:46} Bxd1 {(01:
39} 25. Qxd1 {(00:29} Qe6 {(00:39} 26. Qd4 {(00:38}
Rf7 {(04:31} 27. f4 {(01:11} gxf3+ {(04:12} 28. Nxf3 {
(00:06} c5 {(00:51} 29. Qe3 {(01:21} Qg4 {(04:
22} 30. Nh2 {(01:25} Nh4+ {(01:28} 31. Kg1 {(00:06}
Rxf1+ {(00:35} 32. Nxf1 {(00:15} Rf8 {(01:01} 33. e5 {
(00:49} Qh3 {(01:30} 0-1

[Event "42nd Olympiad Baku 2016 Women"]
[Site "Baku"]
[Date "2016.09.08"]
[Round "6.21"]
[White "Richards, Deborah"]
[Black "Goossens, Hanne"]
[Result "0-1"]
[ECO "A10"]
[WhiteElo "2023"]
[BlackElo "2149"]
[Annotator ""]
[PlyCount "116"]
[EventDate "2016.??.??"]
[EventType "team-tourn"]
[EventCountry "AZE"]
[SourceTitle "playchess.com"]
[Source "ChessBase"]
[WhiteTeam "Jamaica"]
[BlackTeam "Belgium"]
[WhiteTeamCountry "JAM"]
[BlackTeamCountry "BEL"]
[TimeControl "40/5400+30:1800+30"]

1. c4 {(00:00} f5 {(00:00} 2. Nc3 {(00:00} Nf6 {
(00:00} 3. g3 {(00:06} e6 {(00:36} 4. Bg2 {(00:
23} Be7 {(00:10} 5. d4 {(04:23} O-O {(00:25} 6. Nf3 {
(05:26} d6 {(00:23} 7. O-O {(00:37} Ne4 {(00:27]
} 8. Qd3 {(03:00} Nxc3 {(01:32} 9. bxc3 {(09:27} Nc6 {
(04:45} 10. e4 {(06:20} e5 {(03:13} 11. Nd2 {(
19:11} f4 {(09:55} 12. f3 {(14:57} Qe8 {(07:20} 13.
Nb3 {(03:00} Qh5 {(21:31} 14. g4 {(04:58} Qh6 {(
00:56} 15. Bd2 {(01:14} a5 {(03:40} 16. a4 {(04:14} b6
{(06:09} 17. Be1 {(03:33} Ba6 {(03:09} 18. Bf2 {
(00:50} Bh4 {(07:29} 19. Nd2 {(03:16} Rad8 {(04:
19} 20. d5 {(10:16} Nb8 {(01:20} 21. Nb1 {(00:38} Nd7
{(07:04} 22. Na3 {(00:12} Bxf2+ {(04:18} 23. Rxf2 {
(00:05} Nc5 {(00:19} 24. Qc2 {(00:18} Qh4 {(01:
45} 25. Nb5 {(00:52} Bxb5 {(02:37} 26. cxb5 {(00:11}
h5 {(00:44} 27. h3 {(04:46} Kf7 {(01:05} 28. Rff1 {
(00:47} hxg4 {(02:02} 29. fxg4 {(00:44} Ke7 {(
00:33} 30. Rf3 {(00:25} Rh8 {(01:37} 31. Kf1 {(00:33}
Nd7 {(00:53} 32. Ke2 {(00:34} Nf6 {(00:55} 33. Rh1 {
(00:31} Qh7 {(00:27} 34. Rf2 {(00:18} Nxd5 {(00:
57} 35. Qd3 {(00:30} Nf6 {(01:19} 36. Qc4 {(00:29} Rc8
{(01:00} 37. Rd1 {(00:27} Nd7 {(01:15} 38. Kf1 {
(00:38} Qg8 {(01:49} 39. Qxg8 {(00:42} Rcxg8 {(
00:18} 40. Ra1 {(00:00} Rc8 {(00:00} 41. Rd2 {(03:01}
Nc5 {(02:18} 42. Ra3 {(08:10} f3 {(02:07} 43. Bxf3 {
(01:12} Rxh3 {(00:10} 44. Bg2 {(08:56} Rf8+ {(
00:39} 45. Rf2 {(02:58} Rg3 {(00:24} 46. Rxf8 {(02:16}
Kxf8 {(00:07} 47. Kf2 {(00:37} Rxg4 {(00:17} 48. Bf3 {
(01:12} Rf4 {(00:52} 49. Ke3 {(00:07} g5 {(00:
28} 50. Ra1 {(00:52} g4 {(00:34} 51. Bg2 {(00:06} Kg7
{(00:39} 52. Ra2 {(03:50} Kf6 {(02:55} 53. Ra1 {
(02:14} g3 {(03:43} 54. Bf3 {(00:42} Rh4 {(00:
44} 55. Ra2 {(00:49} Rh2 {(04:39} 56. Bg2 {(00:44}
Nxa4 {(01:28} 57. Rxa4 {(00:20} Rxg2 {(00:07} 58. Kf3 {
(00:24} Rc2 {(00:31} 0-1

[Event "42nd Olympiad Baku 2016 Women"]
[Site "Baku"]
[Date "2016.09.08"]
[Round "6.17"]
[White "Richards, Heather S"]
[Black "Soondarsingh, Aditi"]
[Result "1-0"]
[ECO "C41"]
[WhiteElo "2199"]
[BlackElo "1736"]
[Annotator ""]
[PlyCount "49"]
[EventDate "2016.??.??"]
[EventType "team-tourn"]
[EventCountry "AZE"]
[SourceTitle "playchess.com"]
[Source "ChessBase"]
[WhiteTeam "Australia"]
[BlackTeam "TTO"]
[WhiteTeamCountry "AUS"]
[TimeControl "40/5400+30:1800+30"]

1. e4 {(00:00} d6 {(00:00} 2. d4 {(00:00} Nf6 {(
00:00} 3. Nc3 {(00:00} e5 {(00:00} 4. Nf3 {(00:04}
Nbd7 {(00:00} 5. Bc4 {(00:45} Be7 {(00:00} 6. O-O {
(01:01} c6 {(00:00} 7. a4 {(00:11} Qc7 {(00:02}
8. Re1 {(02:31} h6 {(00:07} 9. b3 {(02:09} Nf8 {
(03:37} 10. Bb2 {(01:06} g5 {(01:11} 11. dxe5 {(
01:07} dxe5 {(01:06} 12. Nxe5 {(00:41} Be6 {(09:12}
13. Nb5 {(21:31} cxb5 {(04:15} 14. Bxb5+ {(00:05} N8d7
{(00:26} 15. Nxd7 {(00:22} Bxd7 {(00:19} 16. e5 {
(00:34} O-O-O {(06:53} 17. exf6 {(01:33} Bd6 {(
05:47} 18. Qh5 {(02:48} Bf5 19. c4 {(14:48} a6 {(07:39]
} 20. c5 {(00:18} Bf4 {(04:40} 21. Bc4 {(01:53} Bg6 {
(00:26} 22. Qg4+ {(00:51} Kb8 {(00:28} 23. g3 {(
00:17} h5 {(00:51} 24. Qf3 {(00:13} g4 {(00:54} 25.
Qxf4 {(00:08} 1-0

[Event "42nd Olympiad Baku 2016 Women"]
[Site "Baku"]
[Date "2016.09.08"]
[Round "6.22"]
[White "Roberts, Lynda"]
[Black "Alboredo, Julia"]
[Result "0-1"]
[ECO "A03"]
[WhiteElo "1888"]
[BlackElo "2135"]
[Annotator ""]
[PlyCount "88"]
[EventDate "2016.??.??"]
[EventType "team-tourn"]
[EventCountry "AZE"]
[SourceTitle "playchess.com"]
[Source "ChessBase"]
[WhiteTeam "Wales"]
[BlackTeam "Brazil"]
[WhiteTeamCountry "WLS"]
[BlackTeamCountry "BRA"]
[TimeControl "40/5400+30:1800+30"]

1. f4 {(00:00} d5 {(00:03} 2. Nf3 {(00:00} Nf6 {
(01:37} 3. g3 {(00:04} e6 {(03:20} 4. Bg2 {(00:
35} Be7 {(00:22} 5. O-O {(02:14} O-O {(00:21} 6. d3 {
(01:10} c5 {(03:02} 7. Qe1 {(02:45} d4 {(03:34}
8. e4 {(01:42} dxe3 {(07:06} 9. Bxe3 {(01:22} Nc6 {
(02:24} 10. Na3 {(05:00} Nd5 {(05:57} 11. Bf2 {(
02:39} Ndb4 {(02:00} 12. Ne5 {(03:39} f6 {(06:42} 13.
Nxc6 {(00:55} Nxc6 {(00:12} 14. Nc4 {(07:54} Rb8 {
(02:53} 15. Qd2 {(06:19} Qc7 {(02:25} 16. a4 {(
01:57} b6 {(06:46} 17. Rae1 {(01:38} a6 {(01:26} 18.
c3 {(09:08} b5 {(03:05} 19. axb5 {(00:11} axb5 {
(00:09} 20. Ne3 {(00:30} Bd6 {(11:25} 21. Qe2 {(
06:58} Bd7 {(04:08} 22. Be4 {(01:50} Rbe8 {(04:01} 23.
Qh5 {(03:39} f5 {(01:15} 24. Bg2 {(00:35} Ne7 {(
02:56} 25. Qe2 {(06:50} Bc6 {(02:53} 26. Nc2 {(01:45}
Ng6 {(01:06} 27. Bxc6 {(01:53} Qxc6 {(00:07} 28. d4 {
(00:49} c4 {(01:49} 29. Ra1 {(02:47} Qb7 {(08:
48} 30. Ra2 {(03:16} Bxf4 {(02:26} 31. Rfa1 {(04:59}
Bb8 {(00:50} 32. Nb4 {(01:52} f4 {(01:36} 33. Ra6 {
(01:46} e5 {(02:05} 34. d5 {(01:04} e4 {(00:49}
35. Bc5 {(03:26} Rf7 {(02:30} 36. gxf4 {(03:28} Nxf4 {
(01:21} 37. Qd1 {(02:59} Nh3+ {(00:39} 38. Kg2 {
(00:25} Nf4+ {(00:13} 39. Kg1 {(00:27} e3 {(01:
46} 40. Rb6 {(00:00} Qc7 {(00:00} 41. Rxb8 {(07:54}
Qxb8 {(02:18} 42. Qg4 {(04:10} h5 {(01:17} 43. Qf3 {
(02:32} Qc8 {(00:46} 44. Bxe3 {(03:16} Nh3+ 0-1

[Event "42nd Olympiad Baku 2016 Women"]
[Site "Baku"]
[Date "2016.09.08"]
[Round "6.32"]
[White "Rodshtein, Tereza"]
[Black "Fataliyeva, Ulviyya"]
[Result "0-1"]
[ECO "C00"]
[WhiteElo "2230"]
[BlackElo "2234"]
[Annotator ""]
[PlyCount "68"]
[EventDate "2016.??.??"]
[EventType "team-tourn"]
[EventCountry "AZE"]
[SourceTitle "playchess.com"]
[Source "ChessBase"]
[WhiteTeam "Czech Republic"]
[BlackTeam "Azerbaijan"]
[WhiteTeamCountry "CZE"]
[BlackTeamCountry "AZE"]
[TimeControl "40/5400+30:1800+30"]

1. e4 {(00:00} e6 {(00:00} 2. f4 {(00:00} b6 {(
00:31} 3. Nf3 {(00:40} Bb7 {(00:29} 4. Qe2 {(01:48} d5
{(04:30} 5. e5 {(00:46} Nh6 {(13:53} 6. g3 {(00:
37} Nf5 {(03:49} 7. Bg2 {(01:20} Bc5 {(01:01} 8. c3 {
(04:56} a5 {(06:09} 9. d4 {(08:24} Ba6 {(04:00}
10. Qd1 {(09:02} Be7 {(00:56} 11. Na3 {(03:07} h5 {
(02:53} 12. Nc2 {(06:52} h4 {(05:04} 13. Ne3 {(
05:09} g6 {(15:56} 14. Nxf5 {(05:33} gxf5 {(01:09} 15.
Be3 {(01:58} Qd7 {(02:38} 16. Qc2 {(02:03} a4 {(
03:25} 17. Nd2 {(06:08} Ra7 {(14:30} 18. O-O-O {(07:34]
} Nc6 {(01:41} 19. Kb1 {(02:16} Na5 {(01:44} 20. Bf1 {
(02:50} hxg3 {(04:54} 21. Bxa6 {(00:26} g2 {(00:
07} 22. Rhg1 {(01:03} Rxa6 {(00:08} 23. Rxg2 {(00:09}
Qb5 {(00:20} 24. Kc1 {(05:31} Rh3 {(01:38} 25. Re1 {
(03:08} Kd7 {(04:55} 26. Qd1 {(03:04} a3 {(04:
01} 27. b4 {(05:56} Bxb4 {(02:27} 28. cxb4 {(00:15}
Qxb4 {(00:08} 29. Nf1 {(05:42} Nc4 {(00:56} 30. Ree2 {
(02:54} Ra5 {(00:27} 31. Qe1 {(01:02} Qa4 {(00:
33} 32. Rg3 {(01:12} Rxg3 {(00:30} 33. hxg3 {(00:01}
Rb5 {(00:16} 34. Nd2 {(01:46} Nb2 {(00:13} 0-1